 Dungeon Crawl Stone Soup version 0.31-a0-691-g409c26aa35 (webtiles) character file.

Game seed: 9261412908191256743

63 qw the Shooter (level 4, -2/28 HPs)
             Began as a Gargoyle Hunter on Sept 6, 2023.
             Slain by an orc wizard
             ... wielding a +0 dagger
              (3 damage)
             ... on level 3 of the Dungeon.
             The game lasted 00:00:34 (1357 turns).

qw the Shooter (Gargoyle Hunter)                    Turns: 1357, Time: 00:00:35

Health: -2/28      AC: 10    Str: 14    XL:     4   Next: 9%
Magic:  4/4        EV: 10    Int: 10    God:
Gold:   131        SH:  0    Dex: 15    Spells: 3/3 levels left

rFire   . . .        Y - +1 shortbow
rCold   . . .        (shield currently unavailable)
rNeg    + . .        d - +0 ring mail
rPois   inf          (no helmet)
rElec   +            (no cloak)
rCorr   .            c - +0 pair of gloves
SInv    .            g - +0 pair of boots
Will    .....        (no amulet) Stlth
                     (no ring)
HPRegen 0.24/turn    (no ring)
MPRegen 0.09/turn

%: no passive effects
@: confused
A: sickness immunity, AC +3, negative energy resistance 1, electricity
resistance, torment resistance 1, petrification resistance
a: no special abilities


You were on level 3 of the Dungeon.
You visited 1 branch of the dungeon, and saw 3 of its levels.

You collected 131 gold pieces.


Innate Abilities, Weirdness & Mutations

You are immune to sickness and miasma.
Your stone body is resilient. (AC +3)
You are immune to poison.
You resist negative energy. (rN+)
You are resistant to electric shocks. (rElec)
You are resistant to unholy torment.
You are immune to petrification.


   Skills:
 - Level 3.0 Fighting
 + Level 5.0 Ranged Weapons
 - Level 1.0 Armour
 - Level 1.5 Dodging
 - Level 1.1 Stealth


You had 3 spell levels left.
You didn't know any spells.
Your spell library was empty.

Inventory:

Hand Weapons
 Y - a +1 shortbow (weapon)
Armour
 c - a +0 pair of gloves (worn)
 d - a +0 ring mail (worn)
 g - a +0 pair of boots (worn)
Potions
 b - a potion of curing {unknown}
 e - a potion of might {unknown}
 i - a potion of brilliance {unknown}

Dungeon Overview and Level Annotations

Branches:
Dungeon (3/15)

Altars:


Message History

You are more confused.
The orc hits you but does no damage. Something hits you but does no damage.
The orc misses you. The orc barely misses you.
You hear some strange, mumbled words.
A magic dart appears from out of thin air!
The magic dart hits you. Something hits you but does no damage.
The orc barely misses you. Something hits you but does no damage.
The orc hits you but does no damage. Something hits you.
The orc hits you with a +0 hand axe.
You hear some strange, mumbled words.
A magic dart appears from out of thin air!
The magic dart hits you. The orc hits you with a +0 hand axe.
The orc misses you.
You hear some strange, mumbled words.
A puff of flame appears from out of thin air!
The puff of flame hits you. Something hits you but does no damage.
The orc misses you.
You hear some strange, mumbled words.
A puff of flame appears from out of thin air!
The puff of flame misses you. The orc hits you with a +0 hand axe.
You feel less confused.
You hear some strange, mumbled words.
You are confused.
The orc hits you but does no damage. Something hits you but does no damage.
The orc hits you but does no damage. The orc hits you but does no damage.
You hear some strange, mumbled words.
Something tries to affect you, but you resist.
Something hits you but does no damage. The orc hits you but does no damage.
Something hits you but does no damage. The orc misses you.
You hear some strange, mumbled words.
Something tries to affect you, but you resist.
The orc closely misses you.
You hear some strange, mumbled words.
You are more confused.
The orc hits you but does no damage. The orc hits you but does no damage.
Something hits you. Something hits you.
You die...

#...... #......
#...... #...... ###
#...... ..# #.....S
#.# .....#)######.#
.......{@...#.#
.......)o...#.##
...............######
##.........##.......#
#.........##...###.#
#.........##...#.#
#.........##...%<#
#.........##..####
#.....%...##...


You could see an orc.

Vanquished Creatures
  2 worms (D:2)
  2 dart slugs (D:2)
  3 orcs (D:3)
  2 ball pythons
  3 endoplasms
  A giant cockroach (D:2)
  8 goblins
  3 hobgoblins (D:1)
  5 jackals (D:1)
  5 quokkas
  3 bats (D:1)
  A frilled lizard (D:1)
  2 kobolds
  3 rats
43 creatures vanquished.

Notes
Turn   | Place    | Note
-------+----------+-------------------------------------------
     0 | D:1      | qw the Gargoyle Hunter began the quest for the Orb.
     0 | D:1      | Reached XP level 1. HP: 12/12 MP: 1/1
     0 | D:1      | 0 ||| qw: Version: 0.3-a-76-g4403597
     0 | D:1      | 0 ||| qw: Game counter: 228
     0 | D:1      | 0 ||| qw: Melee chars always use a shield: true
     0 | D:1      | 0 ||| qw: God list: Okawaru
     0 | D:1      | 0 ||| qw: Allow faded altars: false
     0 | D:1      | 0 ||| qw: Do Orc after clearing Dungeon:15 true
     0 | D:1      | 0 ||| qw: Do second Lair branch before Depths: true
     0 | D:1      | 0 ||| qw: Lair rune preference: random
     0 | D:1      | 0 ||| qw: Goals: Normal
     0 | D:1      | 0 ||| PLANNING D:1-11
    57 | D:1      | Reached XP level 2. HP: 9/17 MP: 2/2
   278 | D:1      | Reached XP level 3. HP: 17/21 MP: 3/3
   309 | D:1      | Reached skill level 5 in Ranged Weapons
   781 | D:1      | 781 ||| UPGRADING to +0 ring mail.
   791 | D:1      | 791 ||| DROPPING +0 leather armour.
   792 | D:1      | 792 ||| UPGRADING to +0 pair of boots.
   797 | D:1      | 797 ||| READING scroll labelled TECLYOTSYO.
   798 | D:1      | 798 ||| DROPPING scroll of butterflies.
   900 | D:2      | Reached skill level 1 in Armour
   981 | D:2      | Found a faded altar of an unknown god.
  1278 | D:2      | 1278 ||| UPGRADING to +0 pair of gloves.
  1283 | D:2      | 1283 ||| READING scroll labelled UXTISICLAR.
  1284 | D:2      | 1284 ||| READING scroll labelled CEOCLU LUKA.
  1285 | D:2      | 1285 ||| READING scroll labelled APTOESTR ZUSAYDER.
  1324 | D:3      | Reached skill level 3 in Fighting
  1324 | D:3      | Reached XP level 4. HP: 28/28 MP: 4/4
  1334 | D:3      | 1334 ||| Stepping ~*~*~tactically~*~*~ (outnumbered).
  1348 | D:3      | HP: 2/28 [orc/+0 hand axe (6)]
  1356 | D:3      | HP: 1/28 [something (3)]
  1357 | D:3      | Slain by an orc wizard

Levels and vault maps discovered:
D:1:      ebering_trefoil_twist, layout_loops_ring
D:2:      layout_basic, shapermc_ecumenical_altar_acropolis
D:3:      layout_basic, uniq_ijyb

Skill      XL: |  1  2  3 |
---------------+----------+-----
Ranged Weapons | 5 |  5.0
Armour         | 1 |  1.0
Fighting       | 3 |  3.0
Dodging        | |  1.5
Stealth        | |  1.1

Action                     |  1- 3 |  4- 6 || total
---------------------------+-------+-------++-------
   Fire: Shortbow          |   125 |    11 ||   136
    Use: Scroll            |     4 |       ||     4
 Armour: Leather armour    |    49 |       ||    49
         Ring mail         |       |    29 ||    29
  Dodge: Dodged            |    79 |    14 ||    93

Table legend:
 A = Non-vault XP
 B = Vault XP
 C = Vault XP percentage of total XP
 D = Non-vault monster count
 E = Vault monster count
 F = Vault count percentage of total count
                 A         B        C        D         E       F
            +---------+---------+-------+---------+---------+-------
      Total |      90 |       0 |   0.0 |      43 |       0 |   0.0
            +---------+---------+-------+---------+---------+-------
        D:1 |      50 |       0 |   0.0 |      28 |       0 |   0.0
        D:2 |      26 |       0 |   0.0 |       9 |       0 |   0.0
        D:3 |      14 |       0 |   0.0 |       6 |       0 |   0.0
            +---------+---------+-------+---------+---------+-------
